Map: Catalyst LE

Players

Harstem - Winner!

  • Race: Protoss Protoss
  • League: Master
  • Spawn Location: 5:00

Guru

  • Race: Zerg Zerg
  • League: Grandmaster
  • Spawn Location: 11:00

Event: HomeStory Cup XVI

VOD

Have the link to the VOD?

Description

Time

  • Played on: Nov. 11, 2017, 4:57 p.m.
  • Length: 7:15

All games in this series

Show
View Real Time Build Order
Export as new Build Order

Harstem Protoss - Winner!

Build Orders: 1 Gate Expand, Oracle Opening, Phoenix Opening 

Get SALT Encoding   

  1  0:00  Probe (Chrono Boost)  
  12  0:06  Probe (Chrono Boost)  
  14  0:17  Pylon  
  14  0:23  Probe (Chrono Boost)  
  15  0:37  Probe (Chrono Boost)  
  15  0:41  Gateway  
  16  0:49  Assimilator, Probe (Chrono Boost)  
  17  0:57  Probe (Chrono Boost)  
  17  1:03  Probe (Chrono Boost)  
  19  1:15  Probe (Chrono Boost)  
  20  1:23  Nexus  
  20  1:33  Cybernetics Core  
  20  1:38  Probe (Chrono Boost)  
  21  1:42  Assimilator  
  21  1:50  Probe (Chrono Boost)  
  21  1:51  Pylon  
  22  2:00  Adept  
  23  2:02  Probe (Chrono Boost)  
  23  2:14  Probe (Chrono Boost)  
  26  2:17  Stargate  
  26  2:26  Warp Gate  
  26  2:27  Adept, Probe (Chrono Boost)  
  30  2:37  Probe (Chrono Boost)  
  30  2:39  Probe (Chrono Boost)  
  31  2:48  Stalker  
  31  2:50  Probe (Chrono Boost)  
  33  2:52  Probe (Chrono Boost)  
  35  2:59  Oracle  
  35  3:02  Probe (Chrono Boost)  
  35  3:04  Probe (Chrono Boost)  
  41  3:14  Gateway, Probe (Chrono Boost)  
  41  3:17  Probe (Chrono Boost)  
  42  3:21  Pylon  
  42  3:26  Probe (Chrono Boost)  
  43  3:29  Probe (Chrono Boost)  
  43  3:30  Shield Battery  
  43  3:33  Phoenix  
  44  3:40  Probe (Chrono Boost)  
  47  3:43  Probe (Chrono Boost)  
  48  3:51  Assimilator  
  48  3:53  Probe (Chrono Boost)  
  48  3:55  Probe (Chrono Boost)  
  50  3:57  Twilight Council  
  50  4:05  Probe (Chrono Boost)  
  50  4:07  Gateway, Probe (Chrono Boost)  
  52  4:11  Pylon  
  52  4:12  Resonating Glaives  
  53  4:17  Probe (Chrono Boost), Robotics Facility  
  53  4:19  Probe (Chrono Boost)  
  55  4:31  Probe (Chrono Boost)  
  55  4:35  Adept x2  
  59  4:40  Nexus  
  59  4:43  Pylon  
  59  4:53  Gateway  
  59  4:54  Gateway  
  59  5:00  Gateway  
  59  5:06  Shield Battery  
  59  5:09  Gateway  
  59  5:10  Adept x2  
  59  5:13  Warp Prism  
  59  5:14  Adept  
  59  5:21  Pylon  
  61  5:30  Pylon  
  61  5:33  Adept  
  61  5:34  Adept  
  65  5:39  Probe (Chrono Boost)  
  66  5:43  Pylon  
  66  5:46  Probe (Chrono Boost)  
  66  5:47  Adept  
  69  5:50  Adept x2  
  74  5:58  Adept x2, Probe (Chrono Boost)  
  74  6:15  Adept x4  
  84  6:18  Probe (Chrono Boost)  
  84  6:19  Adept, Pylon  
  84  6:20  Adept  
  87  6:37  Adept x5  
  85  6:41  Probe (Chrono Boost)  
  85  6:43  Probe (Chrono Boost)  
  85  6:46  Probe (Chrono Boost)  
  82  6:49  Probe (Chrono Boost)  
  82  6:51  Sentry  
  82  6:52  Sentry  
  82  6:55  Probe (Chrono Boost)  
  82  6:58  Adept x2, Probe (Chrono Boost)  
  82  7:00  Sentry x2  
  82  7:01  Probe (Chrono Boost)  
  90  7:03  Adept  
Show
View Real Time Build Order
Export as new Build Order

Guru Zerg 

Build Orders: Hatch First 

Get SALT Encoding   

  12  0:01  Drone  
  13  0:12  Overlord  
  13  0:17  Drone  
  14  0:31  Drone  
  14  0:32  Drone  
  14  0:35  Drone  
  17  0:52  Hatchery  
  17  0:55  Drone  
  17  0:58  Drone  
  18  1:09  Extractor  
  17  1:13  Spawning Pool  
  17  1:16  Drone  
  17  1:19  Drone  
  18  1:28  Drone  
  19  1:59  Queen  
  19  2:00  Zergling x2  
  22  2:03  Queen  
  22  2:05  Drone x3  
  27  2:09  Metabolic Boost  
  27  2:12  Drone  
  28  2:21  Overlord  
  28  2:27  Evolution Chamber  
  27  2:37  Zergling x2  
  27  2:39  Hatchery  
  27  2:40  Zergling x2  
  27  2:42  Zergling x2  
  27  2:44  Zergling x2  
  30  2:48  Zergling x4  
  31  2:54  Overlord  
  31  2:57  Zergling x2  
  32  3:10  Overlord  
  32  3:13  Zergling x6  
  32  3:15  Zergling x4  
  32  3:19  Zergling x2  
  38  3:21  Zergling x2  
  39  3:30  Zergling x6  
  42  3:35  Zergling x2  
  42  3:41  Zergling x2  
  42  3:44  Zergling x2  
  41  3:53  Drone x5  
  41  3:54  Drone  
  46  3:57  Drone  
  46  4:01  Drone x2  
  48  4:05  Spore Crawler  
  48  4:09  Spore Crawler  
  46  4:11  Drone  
  46  4:15  Drone  
  48  4:19  Drone  
  48  4:20  Overlord  
  49  4:24  Overlord  
  49  4:29  Spore Crawler  
  48  4:32  Zerg Melee Weapons Level 1  
  48  4:34  Drone  
  49  4:40  Drone x3  
  49  4:41  Drone  
  49  4:43  Drone  
  49  4:45  Drone  
  55  4:47  Drone  
  55  4:48  Drone  
  55  4:52  Drone x2  
  58  5:00  Drone  
  58  5:02  Drone x3  
  54  5:18  Zergling x6  
  54  5:19  Zergling x8  
  59  5:24  Baneling Nest  
  59  5:25  Overlord x2  
  59  5:28  Overlord  
  58  5:35  Overlord  
  58  5:40  Overlord  
  58  5:43  Overlord, Hatchery  
  58  5:44  Zergling x4  
  58  5:47  Zergling x4  
  58  5:49  Zergling x2  
  62  5:54  Zergling x2  
  62  5:55  Zergling x4  
  62  5:57  Zergling x4  
  67  5:58  Zergling x2  
  67  6:00  Zergling x2  
  69  6:06  Zergling x2  
  69  6:07  Zergling x2  
  68  6:12  Baneling x6  
  68  6:13  Zergling x2  
  68  6:16  Zergling x4  
  68  6:18  Zergling x6  
  71  6:22  Zergling x2  
  70  6:25  Zergling x2  
  70  6:26  Zergling x4  
  70  6:28  Zergling x2  
  70  6:31  Zergling x2  
  73  6:35  Zergling x2  
  66  6:43  Zergling x4  
  61  6:47  Drone  
  61  6:53  Zergling x4  
Tags
 
Add a new tag
Caveats
  • Supply blocks, unpowered buildings, or Contaminate may cause inaccurate times.
  • Supply counts are checked every 10 seconds.